← All builds
Geo / Armada / Economy first / OBSERVED BUILD

Standard geo

Standard Geo economy-first play: geothermal by 3:26, T2 constructor by 4:55, advanced geothermal and vehicle plant around 7:07, transitioning into Starlight and T1 vehicles for front while supplying allies with cons and Lazarus.

Usually blows up the commander for T2 (66%)

#eco #t2 · 660 distinct matches · 107 players · 58% of Armada Geo games · team won 55% of 745 · Recently observed

HOW TO PLAY IT

Key timing: Geothermal Powerplant by 3:26

  1. Open mex and wind into Bot Lab.
  2. Rush geothermal for the early energy spike.
  3. Add Advanced Metal Extractor, then Advanced Geothermal by 7:07.
  4. Bring up Vehicle Plant alongside T2 con for "Starlight" and vehicles.
  5. Funnel "Starlight" and T1 vehicles to front, pay allies with cons and "Lazarus".

Phase by phase

TYPICAL OF ITS 660 GAMES
  1. 1
  2. 2
  3. 3
  4. 4
PLAY THE OPENING

Follow the example game's first 6:00 step by step: what to build now, what comes next, and where it goes. At 1× it keeps pace with your own game.

  1. 1

    Up to the Bot Lab

    Economy
    • Metal Extractor2Mex
    • Wind Turbine4Wind
    Order
    1. Bot LabBot Lab after 2 mex, 4 winddone ~1:12, middle half 0:58–1:22

    By 0:55 in all: 2 mex · 4 wind

    The example game in this phase · 5 steps
    1. Mex ×2
    2. Wind ×4
    3. Energy storage
    4. Wind
    5. Bot LabBot Labdone 1:20 · typical 1:12
  2. 2

    Bot Lab to 5:00

    Economy
    • Metal Extractor2Mex
    • Wind Turbine3Wind
    • Energy Converter8Converter
    • Energy Storage1Energy storage
    Order
    1. Geothermal PowerplantGeo after 4 mex, 5 wind, 1 energy storage
    Builders
    • Construction Turret5 Con turret
    • Lazarus4 Lazarus
    • Construction Bot2 Con bot
    • Construction Bot1 Con bot for allies
    • Lazarus1 Lazarus for allies

    By 5:00 in all: 4 mex · 6 wind · 1 geo · 8 converter · 1 energy storage · 5 con turret

    The example game in this phase · 24 steps
    1. LazarusLazarus
    2. Construction BotCon botfor Beach sea
    3. LazarusLazarus ×2
    4. Construction BotCon bot
    5. LazarusLazarusfor Beach sea
    6. Mex
    7. LazarusLazarus
    8. Mex
    9. Construction BotCon bot
    10. LazarusLazarus
    11. Geothermal PowerplantGeodone 3:13 · typical 3:26
    12. Con turret
    13. Converter ×4
    14. Con turret
    15. Converter ×2
    16. Con turret
    17. Converter
    18. Con turret
    19. Converter ×2
    20. Con turret
    21. Converter ×2
    22. Con turret
    23. Radar TowerRadar Tower
    24. Advanced Metal ExtractorT2 mexdone 5:09 · typical 5:34
  3. 3

    5:00 to Vehicle Plant

    Order
    1. Advanced Geothermal PowerplantAdvanced Geothermal Powerplant after 8 wind, 10 converter, 6 con turretin 61% of games
    2. Vehicle PlantVehicle Plant after 9 wind, 10 converter, 6 con turretdone ~7:07, middle half 6:43–7:41
    Builders
    • Construction Turret1 Con turret

    Some games also: converter (49%) · wind (47%)

    By 7:00 in all: 4 mex · 10 wind · 1 geo · 1 Advanced Geothermal Powerplant · 11 converter · 1 energy storage

    The example game in this phase · 12 steps
    1. Advanced Metal ExtractorT2 mex
    2. Wind ×4
    3. Windfor Beach sea
    4. Wind ×3
    5. Advanced Metal ExtractorT2 mex
    6. Wind ×2
    7. Advanced Geothermal PowerplantAdvanced Geothermal Powerplantdone 6:56 · typical 7:06
    8. Wind
    9. Windfor Beach sea
    10. Advanced Metal ExtractorT2 mex
    11. Windfor Beach sea
    12. Vehicle PlantVehicle Plantdone 6:58 · typical 7:07
  4. 4

    Vehicle Plant to 10:00

    Economy
    • Wind Turbine5Wind
    • Energy Converter3Converter
    Order
    1. Advanced Vehicle PlantAdvanced Vehicle Plant after 11 wind, 12 converter, 7 con turretin 80% of games
    Builders
    • Construction Turret1 Con turret
    • Construction Vehicle1 Con vehicle
    Army
    • Starlight2 Starlight
    • Umbra1 Jammer
    • Prophet1 Radar vehicle

    Some games also: T2 con vehicle for allies (48%) · Jaguar (31%)

    By 10:00 in all: 4 mex · 19 wind · 1 geo · 1 Advanced Geothermal Powerplant · 16 converter · 1 energy storage

    The example game in this phase · 151 steps
    1. Wind
    2. Construction VehicleCon vehicle
    3. Wind ×4
    4. Advanced Vehicle PlantAdvanced Vehicle Plantdone 7:45 · typical 8:09
    5. Wind ×5
    6. Converter
    7. Wind ×3
    8. BeamerBeamer ×2
    9. Converter
    10. Wind
    11. StarlightStarlightnot finished by 15:00 · typical 9:06
    12. Wind
    13. JaguarJaguar
    14. Windfor Beach sea
    15. BeamerBeamer
    16. JaguarJaguar
    17. Windfor Beach sea
    18. BeamerBeamer
    19. JaguarJaguar
    20. Wind
    21. JaguarJaguar
    22. Converter
    23. Wind ×4
    24. JaguarJaguar
    25. Converter
    26. Wind ×2
    27. StarlightStarlight
    28. Converter
    29. Wind
    30. Converter
    31. JaguarJaguar
    32. Wind
    33. BeamerBeamer
    34. JaguarJaguar
    35. Wind
    36. JaguarJaguar
    37. Wind ×3
    38. JaguarJaguar
    39. Wind
    40. JaguarJaguar
    41. Wind
    42. Converter
    43. BeamerBeamer
    44. StarlightStarlight
    45. Converter
    46. Wind ×2
    47. BeamerBeamer
    48. JaguarJaguar
    49. Wind
    50. JaguarJaguar
    51. Wind ×2
    52. JaguarJaguar
    53. Wind ×2
    54. Converter
    55. Wind
    56. JaguarJaguar
    57. Wind
    58. Converter
    59. JaguarJaguar
    60. Wind
    61. Converter
    62. Wind
    63. StarlightStarlight
    64. Wind
    65. Bot LabBot Labdone 11:15
    66. Converter
    67. Wind
    68. LazarusLazarus
    69. Wind
    70. JaguarJaguar
    71. Wind
    72. JaguarJaguar
    73. Wind
    74. LazarusLazarus
    75. Wind ×2
    76. Advanced Construction VehicleT2 con vehicle
    77. LazarusLazarus
    78. Wind
    79. JaguarJaguar
    80. Wind
    81. JaguarJaguar
    82. Wind ×2
    83. JaguarJaguar
    84. Wind
    85. StarlightStarlight
    86. Wind ×2
    87. JaguarJaguar
    88. Wind ×2
    89. ConsulConsul
    90. Wind
    91. ConsulConsul
    92. Wind
    93. ConsulConsul
    94. Wind
    95. JaguarJaguar
    96. Wind
    97. JaguarJaguar
    98. Wind
    99. Advanced Metal ExtractorT2 mex
    100. Con turret
    101. Wind
    102. JaguarJaguar ×2
    103. Wind
    104. LazarusLazarus
    105. Con turret
    106. StarlightStarlight
    107. Wind
    108. Con turret
    109. Advanced Metal ExtractorT2 mex
    110. LazarusLazarus
    111. Con turret ×3
    112. LazarusLazarus
    113. Wind
    114. Con turret
    115. Wind
    116. JaguarJaguar
    117. Con turret
    118. Wind
    119. Advanced Metal ExtractorT2 mex
    120. ConsulConsul ×2
    121. Wind
    122. TickTick ×2
    123. ConsulConsul
    124. TickTick ×2
    125. Wind
    126. JaguarJaguar
    127. TickTick ×2
    128. JaguarJaguar
    129. TickTick
    130. Wind
    131. TickTick
    132. JaguarJaguar
    133. TickTick ×2
    134. JaguarJaguar
    135. Wind
    136. TickTick
    137. Pit BullPit Bull
    138. TickTick
    139. StarlightStarlight
    140. TickTick
    141. Wind
    142. TickTick ×3
    143. Wind
    144. TickTick ×4
    145. JaguarJaguar
    146. Pit BullPit Bull
    147. Wind
    148. TickTick ×2
    149. ConsulConsul
    150. TickTick ×2
    151. ConsulConsul

Counts are medians over the build's games: half of them build more, half fewer. The example game is Damsko's (39 OS, 16/09/2026); pick another.

Team trades

IN AT LEAST 30% OF ITS GAMES

You hand over

  • Lazarus1 Lazarus to Beach seafirst at 2:16 · in 78% of games
  • Construction Bot1 Con bot to Beach seafirst at 2:31 · in 88% of games
  • Advanced Construction Vehicle1 T2 con vehicle to Suicide front or Frontfirst at 8:52 · in 61% of games

You get

  • Hercules1 Light transport from Airfirst at 4:19 · in 35% of games
  • Advanced Construction Bot1 T2 con bot from Techfirst at 4:48 · in 95% of games

How it plays out

Typical game of this build, running totals by minute

Metal produced

020k40k
0:005:0010:0015:00

metal

Enemy metal destroyed

05k10k15k
0:005:0010:0015:00

metal

Own metal lost

02.5k5k7.5k
0:005:0010:0015:00

metal

745 games.

Show as table
ByMetal produced: This buildEnemy metal destroyed: This buildOwn metal lost: This build
1:0033300
2:0082500
3:00152300
4:00270000
5:00372600
6:00572900
7:00813000
8:0011459021
9:001448951130
10:0017405565280
11:00203772074790
12:002330539401940
13:002606259613304
14:002898883214785
15:0031497101726196
WHAT THE NUMBERS SAY

Standard Geo build dominates the resource numbers, with zero own losses through 10:00 and a huge metal lead by 15:00.

  • + Metal produced hits 31426 by 15:00, highest of all six builds
  • + Own metal lost is 0 by 5:00 and only 334 by 10:00
  • − First Starlight only arrives in 57% of games by 9:19
  • − Advanced geothermal lands in just 69% of games by 7:16
THE EXAMPLE YOU ARE READING

Damsko

39.1 OS · 16/09/2026

Open source match ↗

2 received units · includes a constructor
494 metal received · 80616 energy received

Allied construction assistance is unknown. Timings are observations, not a promise of solo reproducibility.

Typical milestones

Bot Lab1:12Middle 50%: 0:58–1:22 · n=744
Geothermal Powerplant3:26Middle 50%: 3:10–3:42 · n=743
Advanced Metal Extractor5:34Middle 50%: 5:19–5:56 · n=742
Advanced Geothermal Powerplant7:06Middle 50%: 6:49–7:34 · n=552
Vehicle Plant7:07Middle 50%: 6:43–7:41 · n=705
Advanced Vehicle Plant8:09Middle 50%: 7:41–8:54 · n=669
Starlight9:06Middle 50%: 8:32–9:53 · n=583

Played most by

zeus_on_god76games of this build0neTw074games of this buildViltrum53games of this buildDamsko35games of this buildXad35games of this build